 Dungeon Crawl Stone Soup version 0.22-a0-565-gfc6459a (webtiles) character file.

399 royokou the Conjurer (level 6, -6/32 HPs)
             Began as a Deep Elf Conjurer on June 28, 2018.
             Mangled by an ogre
             ... wielding a +0 giant spiked club
              (12 damage)
             ... on level 4 of the Dungeon.
             The game lasted 00:30:31 (4309 turns).

royokou the Conjurer (Deep Elf Conjurer)            Turns: 4309, Time: 00:30:31

Health: -6/32      AC:  4    Str:  6 (7)  XL:     6   Next: 53%
Magic:  4/17       EV: 12    Int: 20      God:
Gold:   214        SH:  0    Dex: 15      Spells: 3/17 levels left

rFire    . . .     SeeInvis .   j - +0 rapier
rCold    . . .     Gourm    .   (no shield)
rNeg     . . .     Faith    .   u - +0 leather armour
rPois    .         Spirit   .   (no helmet)
rElec    .         Reflect  .   n - +0 cloak
rCorr    .         Harm     .   (no gloves)
MR       .....                  (no boots)
Stlth    ++........             (no amulet)
HPRegen  0.10/turn              (no ring)
MPRegen  0.15/turn              (no ring)

@: very slightly contaminated
A: no striking features
a: no special abilities


You were on level 4 of the Dungeon.
You were hungry.

You visited 1 branch of the dungeon, and saw 4 of its levels.

You collected 214 gold pieces.

Inventory:

Hand Weapons
 a - a +0 short sword
 j - a +0 rapier (weapon)
 t - a +0 arbalest
Missiles
 k - 110 stones (quivered)
Armour
 g - a +2 robe of fire resistance
 h - a +0 robe
 n - a +0 cloak (worn)
 u - a +0 leather armour (worn)
Wands
 o - a wand of iceblast (6)
Scrolls
 d - a scroll of magic mapping {unknown}
 e - a scroll of identify {unknown}
 f - 2 scrolls of remove curse
 l - a scroll of teleportation
 p - a scroll of fog
 r - 2 scrolls of enchant armour {unknown}
 s - a scroll of blinking
Potions
 b - a potion of curing
 i - a potion of flight {unknown}
 m - 2 potions of ambrosia {unknown}
 q - a potion of mutation {unknown}
Comestibles
 c - 6 rations


   Skills:
 - Level 2.4 Dodging
 - Level 2.4 Stealth
 + Level 6.3 Spellcasting
 + Level 6.9 Conjurations
 + Level 2.1 Hexes


You had 3 spell levels left.
You knew the following spells:

 Your Spells              Type           Power        Failure   Level  Hunger
a - Magic Dart            Conj           ####         1%          1    None
b - Searing Ray           Conj           ####..       1%          2    None
c - Dazzling Spray        Conj/Hex       ###...       8%          3    ##.....
d - Iskenderun's Mystic   Conj           ####....     9%          4    ####...
e - Fulminant Prism       Conj/Hex       ###.......   24%         4    ####...

Your spell library contained the following spells:

 Spells                   Type           Power        Failure   Level  Hunger
 Force Lance              Conj/Tloc      ###.....     36%         4    ####...


Dungeon Overview and Level Annotations

Branches:
Dungeon (4/15)
 Temple: D:4-7

Altars:
Dithmenos
Fedhas
Okawaru
Wu Jian


Message History

Press: ? - help, Shift-Dir - straight line, f/p - ogre
Aim: an ogre, wielding a giant spiked club You miscast Dazzling Spray.
Wisps of smoke drift from your hands.
Casting: Dazzling Spray (safe; 8% risk of failure)
Confirm with . or Enter, or press ? or * to list all spells.
You don't have enough magic to cast that spell.
The ogre hits you with a giant club!
Ouch! That really hurt!
* * * LOW HITPOINT WARNING * * *
Casting: Dazzling Spray (safe; 8% risk of failure)
Confirm with . or Enter, or press ? or * to list all spells.
You don't have enough magic to cast that spell.
Casting: Dazzling Spray (safe; 8% risk of failure)
Confirm with . or Enter, or press ? or * to list all spells.
You don't have enough magic to cast that spell.
Okay, then.
You aren't wearing any rings or amulets.
Okay, then.
The ogre hits you with a giant spiked club!
You die...

#.)## ##.# ##..## ##.> #...#
#.## ##..## #... #####..##
#..###...# #..# ..# ##..##
##..##..#.## ##.## ..#
##..### #..........# #..#
..#
##...####..[....#..####.##
..# ##...##.......###......#
..# #...###..##..###..##..##
..# ##..##
#.@###..#..###...## ..#
##..## ##.O.##.....##.....#
..## #...#
#..O...............#
...####..##
##..##.........##...#
.....##...#
#..####..._...####.##
.....###..###...##.........#
.# .....#
###......O..............#
.....#
####.....##.....##....#
.....# ####.###..#..# #...#


You could see 2 ogres.

Vanquished Creatures
  A water moccasin skeleton (D:4)
  A centaur skeleton (D:4)
  Crazy Yiuf (D:2)
  An orc wizard (D:3)
  Jessica (D:2)
  An iguana (D:4)
  A hound skeleton (D:4)
  Robin (D:2)
  3 adders
  3 gnolls (D:2)
  An ooze (D:1)
  An adder skeleton (D:4)
  4 worms
  3 dart slugs (D:1)
  2 leopard geckos
  13 orcs
  A ball python (D:1)
  5 bats
  4 giant cockroaches
  14 goblins
  9 hobgoblins
  12 kobolds
  2 quokkas
  9 frilled lizards
  6 rats
100 creatures vanquished.

Notes
Turn   | Place    | Note
-------+----------+-------------------------------------------
     0 | D:1      | royokou the Deep Elf Conjurer began the quest for the Orb.
     0 | D:1      | Reached XP level 1. HP: 10/10 MP: 6/6
   123 | D:1      | Reached XP level 2. HP: 15/15 MP: 4/8
   126 | D:1      | Reached skill level 5 in Conjurations
   130 | D:1      | Learned a level 2 spell: Searing Ray
   479 | D:1      | Reached XP level 3. HP: 19/19 MP: 8/10
   509 | D:1      | Learned a level 3 spell: Dazzling Spray
  1115 | D:2      | Noticed Jessica
  1241 | D:2      | Killed Jessica
  1241 | D:2      | Reached XP level 4. HP: 18/24 MP: 7/12
  1393 | D:2      | Learned a level 4 spell: Iskenderun's Mystic Blast
  1657 | D:2      | Noticed Robin
  1678 | D:2      | Killed Robin
  1879 | D:2      | Reached skill level 5 in Spellcasting
  1895 | D:2      | Reached XP level 5. HP: 28/28 MP: 7/14
  2213 | D:2      | Found a runed door.
  2217 | D:2      | Noticed Crazy Yiuf
  2221 | D:2      | Killed Crazy Yiuf
  3185 | D:3      | Found a blossoming altar of Fedhas.
  3185 | D:3      | Found an iron altar of Okawaru.
  3357 | D:4      | Learned a level 4 spell: Fulminant Prism
  3417 | D:4      | Reached skill level 1 in Hexes
  3417 | D:4      | Reached XP level 6. HP: 15/32 MP: 0/17
  3626 | D:4      | Found a shadowy altar of Dithmenos.
  3922 | D:4      | Found an ornate altar of the Wu Jian Council.
  4309 | D:4      | Mangled by an ogre

Vault maps used:
D:1:      matt_arrival_diagonals, st_stairs_3
D:2:      minmay_distorted, uniq_robin, uniq_crazy_yiuf_cottage, uniq_jessica
D:3:      chequers_temple_overflow_statue_of_worship, kennysheep_generic_room_6
D:4:      cheibrodos_thug_alley, overflow_temple_1_default,
          nicolae_dithmenos_shadow_blocks

Skill      XL: |  1  2  3  4  5  6 |
---------------+-------------------+-----
Conjurations   | 5 6 |  6.9
Spellcasting   | 4 5 6 |  6.3
Hexes          | 1 2 |  2.1
Dodging        | |  2.4
Stealth        | |  2.4

Action                   |  1- 3 |  4- 6 || total
-------------------------+-------+-------++-------
Melee: Unarmed           |     2 |       ||     2
       Short sword       |    12 |     8 ||    20
       Rapier            |       |    24 ||    24
 Cast: Magic Dart        |    58 |   121 ||   179
       Searing Ray       |     3 |     1 ||     4
       Dazzling Spray    |     3 |    16 ||    19
       Iskenderun's Myst |       |     2 ||     2
  Use: Potion            |       |     3 ||     3
       Scroll            |       |     5 ||     5
  Eat: Chunk             |       |    11 ||    11
Armor: Robe              |     7 |     2 ||     9
       Leather armour    |       |     7 ||     7
Dodge: Dodged            |    15 |    30 ||    45

Table legend:
 A = Spawn XP
 B = Non-spawn XP
 C = Spawn XP percentage of total XP
 D = Spawn monster count
 E = Non-spawn monster count
 F = Spawn count percentage of total count
 G = Total turns spent on level
                    A         B        C        D         E        F      G
               +---------+---------+-------+---------+---------+-------+---------
         Total |       0 |     570 |   0.0 |       0 |     100 |   0.0 |  4309
               +---------+---------+-------+---------+---------+-------+---------
           D:1 |       0 |      63 |   0.0 |       0 |      30 |   0.0 |  1107
           D:2 |       0 |     214 |   0.0 |       0 |      37 |   0.0 |  1395
           D:3 |       0 |      74 |   0.0 |       0 |      15 |   0.0 |   849
           D:4 |       0 |     219 |   0.0 |       0 |      18 |   0.0 |   958
               +---------+---------+-------+---------+---------+-------+---------
